 Dungeon Crawl Stone Soup version 0.16-a0-3749-g20dbed2 (webtiles) character file.

116 EdwardR the Skirmisher (level 4, -6/41 HPs)
             Began as a Minotaur Fighter on Jan 23, 2015.
             Shot with an arrow by a centaur (8 damage)
             ... on level 2 of the Dungeon.
             The game lasted 00:06:17 (2065 turns).

EdwardR the Skirmisher (Minotaur Fighter)           Turns: 2065, Time: 00:06:17

Health: -6/41      AC:  8    Str: 27    XL:     4   Next: 69%
Magic:  2/2        EV: 13    Int:  5    God:
Gold:   66         SH: 10    Dex: 15    Spells: 0 memorised, 3 levels left

rFire  . . .     SeeInvis .     a - +0 war axe
rCold  . . .     Clarity  .     b - +0 scale mail
rNeg   . . .     SustAb   .     c - +0 shield
rPois  .         Gourm    .     (helmet restricted)
rElec  .         Spirit   .     (no cloak)
rCorr  .         Warding  .     g - +0 pair of gloves
rMut   .         Stasis   .     (no boots)
MR     .....                    (no amulet)
Stlth  +.........               n - +6 ring of strength
                                m - ring of flight

@: agile, not resistant to hostile enchantments, very unstealthy
A: retaliatory headbutt, horns 2
a: Evoke Flight


You were on level 2 of the Dungeon.
You were not hungry.

You visited 1 branch of the dungeon, and saw 2 of its levels.

You collected 66 gold pieces.

Inventory:

Hand weapons
 a - a +0 war axe (weapon)
Armour
 b - a +0 scale mail (worn)
 c - a +0 shield (worn)
 g - a +0 pair of gloves (worn)
Jewellery
 m - a ring of flight (left hand)
 n - a +6 ring of strength (right hand)
Scrolls
 f - 3 scrolls of remove curse
 h - a scroll of identify
 i - a scroll of teleportation {unknown}
 j - a scroll of amnesia {unknown}
 l - a scroll of fear {unknown}
Potions
 e - a potion of might
Comestibles
 d - a bread ration
 k - 2 fruits


   Skills:
 + Level 4.4 Fighting
 + Level 3.5 Axes
 + Level 4.3 Armour
 + Level 1.4 Dodging
 + Level 0.3 Stealth
 + Level 4.3 Shields


You had 3 spell levels left.
You didn't know any spells.

Dungeon Overview and Level Annotations

Branches:
Dungeon (2/15)

Altars:


Innate Abilities, Weirdness & Mutations

You reflexively headbutt those who attack you in melee.
You have a pair of horns on your head.


Message History

The centaur wields an uncursed shortbow.
The centaur shoots an arrow.
The arrow hits you.
The centaur shoots an arrow of dispersal.
The arrow of dispersal hits you!
* * * LOW HITPOINT WARNING * * *
You blink.
Drink which item? (? for menu, Esc to quit)
It was a potion of agility.
You feel agile all of a sudden.
The centaur shoots an arrow.
The arrow hits you.
* * * LOW HITPOINT WARNING * * *
Read which item? (? for menu, Esc to quit)
As you read the scroll labeled IDUIBA PNOKETAE, it crumbles to dust.
It is a scroll of identify.
Identify which item? (\ to view known items) (? for menu, Esc to quit)
f - 3 scrolls of remove curse The centaur shoots an arrow.
The arrow hits you.
* * * LOW HITPOINT WARNING * * *
The centaur shoots an arrow.
The arrow hits you!
You die...

#................
#.#.............#
#.#..#)#...######
#.#.##.##..#
##...#...#..#
#...#######.#
#.#.#[..).#.##
#...#...†.'..#
#@.#########.#
#).#c......#.#####
#((†c......#......
##†#..(.§..#..####
#.#########.## #
#..#.....'..# #
##.#)....#.## #
#.#######.# #
#..#.(.#..# #


You could see a centaur.

Vanquished Creatures
  5 adders (D:2)
  A giant mite (D:1)
  2 worms (D:2)
  2 giant geckos
  A ball python (D:1)
  3 giant cockroaches
  8 hobgoblins
  2 quokkas (D:2)
  9 bats
  3 giant newts
  6 goblins
  3 jackals (D:2)
  4 kobolds
  8 rats
  A plant (D:1)
58 creatures vanquished.

Notes
Turn   | Place    | Note
--------------------------------------------------------------
     0 | D:1      | EdwardR, the Minotaur Fighter, began the quest for the Orb.
     0 | D:1      | Reached XP level 1. HP: 19/19 MP: 1/1
   161 | D:1      | Reached XP level 2. HP: 27/27 MP: 1/1
   430 | D:1      | Reached skill level 4 in Fighting
   790 | D:1      | Reached XP level 3. HP: 31/33 MP: 2/2
  1241 | D:2      | Reached XP level 4. HP: 29/40 MP: 2/2
  1324 | D:2      | Reached skill level 1 in Dodging
  2054 | D:2      | Noticed a centaur
  2055 | D:2      | Noticed a centaur
  2065 | D:2      | HP: 2/41 [centaur/arrow (2)]
  2065 | D:2      | Shot with an arrow by a centaur

Action                   |  1- 3 |  4- 6 || total
-------------------------+-------+-------++-------
Melee: War axe           |   102 |    48 ||   150
  Use: Scroll            |       |     1 ||     1
       Potion            |       |     1 ||     1
  Eat: Fruit             |       |     2 ||     2
       Bread ration      |       |     1 ||     1
